 Dungeon Crawl Stone Soup version 0.20-a0-876-g2c7b0bf (webtiles) character file.

68 4thArraOfDagon the Skirmisher (level 3, -1/31 HPs)
             Began as a Demigod Wanderer on Mar 15, 2017.
             Killed by divine providence
             ... invoked by an orc priest
              (10 damage)
             ... on level 6 of the Dungeon.
             The game lasted 00:05:00 (1039 turns).

4thArraOfDagon the Skirmisher (Demigod Wanderer)    Turns: 1039, Time: 00:05:01

Health: -1/31      AC:  8    Str: 15    XL:     3   Next: 73%
Magic:  6/6        EV:  7    Int: 18    God:
Gold:   81         SH:  0    Dex: 15    Spells: 4/4 levels left

rFire    . . .     SeeInvis .   n - +0 mace
rCold    . . .     Gourm    .   k - +0 chain mail
rNeg     + . .     Faith    .   (no shield)
rPois    .         Spirit   .   (no helmet)
rElec    .         Reflect  .   (no cloak)
rCorr    .         Harm     .   (no gloves)
MR       +....                  (no boots)
Stlth    ..........             (no amulet)
Regen    0.1/turn               m - ring of positive energy
MPRegen  0.1/turn               o - ring of protection from magic

@: no status effects
A: high mp 1
a: no special abilities


You were on level 6 of the Dungeon.
You were hungry.

You visited 1 branch of the dungeon, and saw 6 of its levels.

You collected 81 gold pieces.

Inventory:

Hand Weapons
 e - a +0 club
 n - a +0 mace (weapon)
Armour
 d - a +0 robe
 g - a +0 ring mail
 j - a +0 large shield
 k - a +0 chain mail (worn)
Jewellery
 m - a ring of positive energy (right hand)
 o - a ring of protection from magic (left hand)
 p - an uncursed ring of teleportation
Scrolls
 h - 2 scrolls of recharging
 l - 3 scrolls of remove curse
 q - a scroll of amnesia {unknown}
Books
 b - the Grimoire of Augmentations

   Spells                             Type                      Level
   a - Infusion                       Charms                       1
   b - Spectral Weapon                Hexes/Charms                 3
 c - Sif Muna's Reference Book on Clay

   Spells                             Type                      Level
   a - Sandblast                      Earth                        1
   b - Stone Arrow                    Conjuration/Earth            3
Miscellaneous
 a - a box of beasts
Comestibles
 f - 2 bread rations
 i - a meat ration
 r - a royal jelly


   Skills:
 + Level 3.5 Fighting
 - Level 1.0 Throwing
 - Level 1.7 Dodging
 - Level 1.0 Spellcasting
   Level 2.6 Translocations
   Level 1.0 Earth Magic
 - Level 1.0 Evocations


You had 4 spell levels left.
You didn't know any spells.

Dungeon Overview and Level Annotations

Branches:
Dungeon (6/15)             Temple (0/1) D:4


Innate Abilities, Weirdness & Mutations

You have an increased reservoir of magic. (+10% MP)


Message History

You feel yourself slow down.
You start resting.
Your magical contamination has completely faded away.
You start resting.
You are feeling hungry.
Found a stone staircase leading down.
You open the door.
Found a sparkling altar of Nemelex Xobeh.
There is an open door here.
An orc warrior and an orc priest come into view.
The orc warrior shouts!
The orc priest shouts!
An orc comes into view. It is wielding a flail.
The orc priest mumbles some strange prayers to Beogh against you.
Beogh smites you!
Ouch! That really hurt!
* * * LOW HITPOINT WARNING * * *
The orc shouts!
The orc priest calls down the wrath of Beogh upon you.
Beogh smites you!
You die...

####### .......
...# .......
#...# .>... ....#
...#+####...#
+### #......#...#
.....#.@....#...#
............#...#
.....o..........#
####..##...##...#
....# ##.####..#
....# #'# ##.#
.o.. #.......##.#
.o. ##.._..##..##
. ##...##....#


You could see an orc warrior, an orc priest and an orc.

Vanquished Creatures
  A hound (D:5)
  A hound skeleton (D:5)
  A dart slug (D:1)
  2 bats
  A giant cockroach (D:1)
  4 goblins
  2 hobgoblins
  A quokka (D:2)
  2 frilled lizards
  A jackal skeleton (D:5)
  4 kobolds
  4 rats
24 creatures vanquished.

Notes
Turn   | Place    | Note
-------+----------+-------------------------------------------
     0 | D:1      | 4thArraOfDagon the Demigod Wanderer began the quest for the Orb.
     0 | D:1      | 4thArraOfDagon set off with: a box of beasts, the Grimoire of Augmentations, Sif Muna's Reference Book on Clay, a +0 robe, a +0 club, a bread ration
     0 | D:1      | Reached XP level 1. HP: 16/16 MP: 4/4
    12 | D:1      | Identified the Grimoire of Augmentations
    12 | D:1      | Identified Sif Muna's Reference Book on Clay
   215 | D:1      | Reached skill level 2 in Fighting
   349 | D:2      | Found a sparkling altar of Nemelex Xobeh.
   413 | D:2      | Reached XP level 2. HP: 5/24 MP: 5/5
   661 | D:5      | Entered Level 5 of the Dungeon
   739 | D:4      | Found a staircase to the Ecumenical Temple.
   788 | D:5      | Reached skill level 3 in Fighting
   788 | D:5      | Reached XP level 3. HP: 11/31 MP: 6/6
  1033 | D:6      | Found a sparkling altar of Nemelex Xobeh.
  1037 | D:6      | Noticed an orc warrior
  1039 | D:6      | Killed from afar by an orc priest

Vault maps used:
D:1:      dpeg_arrival_another_circle
D:2:      overflow_temple_1_default, gammafunk_temple_overflow_statue,
          nemelex_xobeh_ov_fountains_minmay, minmay_pentomino_q4, uniq_terence
D:3:      hangedman_decor_growths, mrwooster_statue_mirror
D:4:      temple_pool_b
D:5:      first_bread
D:6:      kennysheep_slug_shrine, nemelex_lonely_heart_becter

Skill      XL: |  1  2 |
---------------+-------+-----
Fighting       | 2 3 |  3.5
Throwing       | |  1.0
Dodging        | |  1.7
Spellcasting   | |  1.0
Translocations | |  2.6
Earth Magic    | |  1.0
Evocations     | |  1.0

Action                   || total
-------------------------++-------
Melee: Club              ||    56
       Mace              ||    36
  Use: Scroll            ||     5
       Potion            ||     3
Armor: Ring mail         ||    10
       Chain mail        ||    42
Dodge: Dodged            ||    51
